 BcadrenCrawl: Boulder Brew version 0.05.4-70-gb0a8e951fc (webtiles) character file.

Game seed: 850632162301732451, levelgen mode: deterministic

70 petercordia the Ducker (level 4, -2/25 HPs) Gargoyle Demonspawn. Began on June 14, 2022. Slain by a cinder newt (3 damage) ... on level 2 of the Dungeon. The game lasted 00:04:25 (1271 turns).

petercordia the Ducker (Gargoyle Demonspawn)        Turns: 1271, Time: 00:04:25

Health: -2/25      AC:  7    Str: 18    XL:     4 ^: 65
Magic:  6/6        EV:  9    Int: 13    God:
Gold:   71         SH:  5    Dex:  9    Spells: 4/5 levels left

rFire    . . .     Slash    +   a - +0 flail
rCold    . . .     Pierce   .   g - +0 heater shield
rNeg     + . .     Bludgeon +   f - +0 ring mail
rCorr    . . .     Vision   .   (no helmet)
rPois    ∞         Gourm    .   (no cloak)
rElec    +         Faith    .   (no gloves)
MR       .....     Spirit   .   (no boots)
HPRegen  0.58/turn Reflect  .   j - amulet of regeneration
MPRegen  0.16/turn Harm     .   (no ring)
Stlth    +.........             (no ring)

@: no status effects
A: demonic guardian 1, negative energy resistance 1, powered by death 1,
electricity resistance, unbreathing, petrification resistance, rot immunity,
artificial flesh, AC +2
a: no special abilities


You were on level 2 of the Dungeon.
You were very hungry.

You visited 1 branch of the dungeon, and saw 2 of its levels.

You collected 71 gold pieces.

Inventory:

Weapons
 a - a +0 flail (weapon) Shields
 c - a +0 buckler
 g - a +0 heater shield (shield)
Armour
 b - a +0 leather armour
 f - a +0 ring mail (worn)
Jewellery
 j - an amulet of regeneration (around neck)
 l - a cursed amulet of harm {(Curse: rF-)}
Scrolls
 h - a scroll of blinking
 k - 3 scrolls of magic mapping
 n - a scroll of teleportation
 o - a scroll of silence
Potions
 i - a potion of curing
 p - a potion of invisibility
Miscellaneous
 e - a fan of gales
Comestibles
 d - 4 rations


   Skills:
 + Level 1.5 Fighting
 + Level 3.0 Whips & Flails
 + Level 0.7 Armour
 + Level 3.1 Dodging
 - Level 2.1 Stealth
 + Level 0.2 Shields
 - Level 1.0 Spellcasting
 - Level 2.0 Fire Magic
   Level 3.0 Invocations


You had 4 spell levels left.
You knew the following spells:

 Your Spells              Type           Power        Failure   Level  Hunger
a - Flame Tongue          Fire           5 (30)       73%         1    27-47

Your spell library contained the following spells:

 Spells                   Type           Power        Failure   Level  Hunger
 Slow Hex 0 (100) 94% 1 27-47 Conjure Flame Fire 5 (100) 97% 3 107-167 Blink Tloc N/A 98% 2 67-107 Call Imp Summ 0 (100) 98% 2 67-107 Mephitic Cloud Pois/Air       0 (100)      100%        3    107-167


Dungeon Overview and Level Annotations

Branches:
Dungeon (2/8)

Altars:


Innate Abilities, Weirdness & Mutations

You are resistant to torment.
Your stone body is resilient. (AC +2)
You are immune to poison.
A weak demonic guardian rushes to your aid.
You resist negative energy. (rN+)
You regenerate a little health from kills.
You are resistant to electric shocks. (rElec)
You can survive without breathing.
You are immune to petrification.
You are immune to rotting.
Your artificial form resists hard blunt hits and is difficult to cut into. (rBludgeoning+ , rSlashing+)


Message History

You feel better.
You drop the empty bottle.
The adder closely misses you. The cinder newt bites you.
The cinder newt burns you (4).
Unknown command.
You barely miss the adder.
The adder is almost dead. (2/10) HP The adder bites you but does no damage.
You block the cinder newt's attack.
You closely miss the adder.
The adder is almost dead. (2/10) HP The adder bites you (3).
* * * LOW HITPOINT WARNING * * *
The cinder newt bites you. The cinder newt burns you (4).
* * * LOW HITPOINT WARNING * * *
You block the adder's attack.
Unknown command.
You barely miss the adder.
The adder is almost dead. (2/10) HP The adder bites you but does no damage.
The cinder newt bites you (2).
* * * LOW HITPOINT WARNING * * *
The cinder newt burns you (3).
You die...

## ##≈ #≈≈ ##..
#≈.## .≈. #
..#####.#.###.#
....≈.S@l......
≈≈≈.≈≈.≈≈≈≈≈≈≈≈
≈≈≈.≈≈..≈≈≈P≈≈.
≈≈..≈≈≈.≈≈≈P...
≈.[≈≈≈≈.≈≈P..≈≈
≈≈..≈≈≈..≈..≈≈≈
≈≈≈..≈..≈≈≈....
≈≈≈≈≈≈≈.≈≈≈;≈≈.


You could see a cinder newt, a submerged adder and a neutral slimehead
(wandering) (passive).

Vanquished Creatures
  6 cinder newts (D:1)
  2 oozes (D:1)
  A leopard gecko (D:1)
  4 goblins (D:1)
  3 hobgoblins (D:1)
  5 kobolds (D:1)
  A bat (D:1)
  3 rats (D:1)
25 creatures vanquished.

Vanquished Creatures (others)
  2 withered plants (D:2)
2 creatures vanquished.

Grand Total: 27 creatures vanquished

Notes
Turn   | Place    | Note
-------+----------+-------------------------------------------
     0 | D:1      | petercordia the Gargoyle Demonspawn began the quest for the
                  | Orb.
     0 | D:1      | Reached XP level 1. HP: 12/12 MP: 3/3
    53 | D:1      | Gained mutation: A weak demonic guardian rushes to your
                  | aid. [demonic ancestry]
    53 | D:1      | Reached XP level 2. HP: 16/16 MP: 4/4
   170 | D:1      | Gained mutation: You regenerate a little health from kills.
                  | [demonic ancestry]
   170 | D:1      | Reached XP level 3. HP: 2/20 MP: 5/5
   468 | D:1      | Reached XP level 4. HP: 24/25 MP: 6/6
  1267 | D:2      | HP: 1/25 [adder (2)]
  1271 | D:2      | Slain by a cinder newt

Levels and vault maps discovered:
D:1:      onia_arrival_pyramid, layout_basic, first_ration
D:2:      layout_sewer, gammafunk_temple_overflow_elements, grunt_qazlal_clouds

Skill      XL: |  1  2  3  4 |
---------------+-------------+-----
Dodging        | 3 |  3.1
Whips & Flails | 3 |  3.0
Fighting       | |  1.5
Armour         | |  0.7
Stealth        | |  2.1
Shields        | |  0.2
Spellcasting   | |  1.0
Fire Magic     | |  2.0
Invocations    | |  3.0

Action                   |  1- 3 |  4- 6 || total
-------------------------+-------+-------++-------
Melee: Flail             |    47 |    27 ||    74
  Use: Potion            |       |     2 ||     2
 Stab: Sleeping          |     1 |       ||     1
Armor: Leather armour    |    18 |     9 ||    27
       Ring mail         |       |    15 ||    15
Dodge: Dodged            |    18 |     9 ||    27
Block: Buckler           |     3 |       ||     3
       Heater shield     |     5 |     6 ||    11
